 Dungeon Crawl Stone Soup version 0.29-a0-97-g88c9fad16d (console) character file.

Game seed: 9748732925511889106

4703 petzl the Magician (level 10, -16/76 HPs)
             Began as a Formicid Arcane Marksman on Feb 14, 2022.
             Was a Follower of Vehumet.
             Killed from afar by a wretched star (23 damage)
             ... with a lance of force
             ... on level 1 of the Abyss.
             The game lasted 00:43:05 (9874 turns).

petzl the Magician (Formicid Arcane Marksman)       Turns: 9874, Time: 00:43:06

Health: -16/76     AC: 11    Str: 16    XL:     10   Next: 72%
Magic:  17/17      EV: 14    Int: 12    God:    Vehumet [*.....]
Gold:   442        SH:  0    Dex: 17    Spells: 23/24 levels left

rFire   . . .      SeeInvis +   a - +0 mace (protect)
rCold   . . .      Faith    .   (no shield)
rNeg    . . .      Spirit   .   w - +1 leather armour {rPois}
rPois   +          Reflect  .   (helmet unavailable)
rElec   .          Harm     .   (no cloak)
rCorr   .          Rampage  .   (no gloves)
Will    +....                   p - +1 pair of boots
Stlth   +++.......              (no amulet)
HPRegen 0.00/turn               f - +4 ring of protection
MPRegen 0.15/turn               r - +6 ring of dexterity

@: sick
A: permanent stasis, dig shafts and tunnels, antennae 3, four strong arms,
[dopey 2], [low MP 2]
a: Dig, Shaft Self, Renounce Religion


You were on level 1 of the Abyss.
You worshipped Vehumet.
Vehumet was aware of your devotion.
You visited 1 branch of the dungeon, and saw 9 of its levels.
You visited the Abyss 1 time.

You collected 591 gold pieces.
You spent 149 gold pieces at shops.

Inventory:

Hand Weapons
 a - a +0 mace of protection (weapon)
 b - a +1 hand crossbow of venom
 e - a +0 hand axe of draining {!f =f}
 F - a +3 long sword of freezing
 G - a +0 scimitar
Missiles
 c - 26 bolts
 i - 15 poisoned darts (quivered)
 A - 2 throwing nets
Armour
 p - a +1 pair of boots (worn)
 w - a +1 leather armour of poison resistance (worn)
Jewellery
 f - a +4 ring of protection (left hand)
 h - a ring of protection from fire
 r - a +6 ring of dexterity (right hand)
 z - a ring of resist corrosion
Wands
 d - a wand of acid (3)
 y - a wand of flame (14)
 D - a wand of iceblast (11)
Scrolls
 l - 2 scrolls of identify
 m - 2 scrolls of immolation
 o - 2 scrolls of magic mapping
 s - 3 scrolls of fear
 B - a scroll of acquirement {unknown}
Potions
 g - 2 potions of haste {unknown}
 j - 7 potions of curing
 k - 3 potions of degeneration {unknown}
 n - 2 potions of mutation {unknown}
 q - a potion of invisibility {unknown}
 t - 2 potions of berserk rage {unknown}
 u - a potion of ambrosia {unknown}
 v - a potion of resistance {unknown}
 x - a potion of flight {unknown}
 C - a potion of heal wounds {unknown}
 E - a potion of magic {unknown}


   Skills:
 + Level 6.2 Fighting
 - Level 2.0 Maces & Flails
 - Level 5.0 Crossbows
 + Level 6.0 Armour
 + Level 5.5 Dodging
 + Level 7.1 Stealth
 * Level 7.9 Spellcasting
 - Level 3.6 Hexes
 - Level 3.0 Evocations


You had 23 spell levels left.
You knew the following spells:

 Your Spells              Type           Power      Damage    Failure   Level
a - Slow                  Hex            52%        N/A       4%          1

Your spell library contained the following spells:

 Spells                   Type           Power      Damage    Failure   Level
 Shock                    Conj/Air       16%        1d4       19%         1
 Ensorcelled Hibernation  Hex/Ice        18%        N/A       13%         2
 Passwall                 Tmut/Erth      3%         N/A       26%         2
 Inner Flame              Hex/Fire       9%         N/A       26%         3
 Portal Projectile        Hex/Tloc       18%        N/A       26%         3
 Cause Fear               Hex            6%         N/A       36%         4
 Swiftness                Air            Unusable   N/A       N/A         3

Dungeon Overview and Level Annotations

Branches:
Dungeon (9/15)             Temple (0/1) D:6            Lair (0/6) D:8
    Orc: D:9-12

Altars:
Cheibriados
Elyvilon
Fedhas
Gozag
Hepliaklqana
Kikubaaqudgha
Makhleb
Nemelex Xobeh
Okawaru
Sif Muna
Trog
Uskayaw
Vehumet
Yredelemnul
The Shining One

Shops:
D:2 *

Annotations:
D:3 2 transporters, Cecur's ghost, amateur FoFi
D:6 exclusion: wraith
D:7 2 runed translucent doors, exclusion: 2 downstairs, Crazy Yiuf; lordive's ghost, novice GnWz


Innate Abilities, Weirdness & Mutations

You cannot be hasted, slowed, berserked, paralysed or teleported.
You can dig through walls and to a lower floor.
You have a pair of large antennae on your head. (SInv)
Your four strong arms can wield two-handed weapons with a shield.
[You are very dopey. (Int -4)]
[Your magical capacity is very low. (-20% MP)]


Message History

The ufetubus closely misses you. x2; The ufetubus misses you.
The ufetubus completely misses you.
There is a gateway leading deeper into the Abyss here.
The dread lich casts a spell.
The dread lich seems to speed up.
The ufetubus hits you but does no damage.
The ufetubus barely misses you. The bone dragon bites you.
The bone dragon claws you. The bone dragon tramples you.
You stumble backwards!
You stop descending the stairs.
Unknown command.
You can't go down here!
The dread lich mumbles some strange words.
The dread lich gestures wildly while chanting.
A harpy skeleton comes into view.
The dread lich casts a spell.
The dread lich flickers and vanishes for a moment.
A shadow dragon skeleton comes into view.
The Brimstone Fiend calls on the powers of darkness!
Your body is wracked with pain!
The profane servitor misses you.
The profane servitor hits you but does no damage.
The wretched star pulses with an eldritch light!
You feel less energetic. x2
The wretched star pulses with an eldritch light!
The dread lich touches you!
* * * LOW HITPOINT WARNING * * *
The dread lich gestures at you while chanting.
You barely resist.
The Brimstone Fiend calls on the powers of darkness!
Your body is wracked with pain!
* * * LOW HITPOINT WARNING * * *
A thrashing horror comes into view.
The dread lich casts a spell.
The wretched star pulses with an eldritch light!
You feel stupid. x2
You feel ill.
The Brimstone Fiend calls on the powers of darkness!
Your body is wracked with pain!
* * * LOW HITPOINT WARNING * * *
The wretched star glows turbulently.
The lance of force hits you!!
You die...

..... ...... #... . ......
#..... .....# .. .#
##...###...###... #.
..##.....#.....#... #.#
................. ... ...#
#.................. . .
#... #.....2.... ..... ..
#..# ##.....#.... #.ยง.. #
. ###...# ##...###...##
...# #
#......##1x...#.....#.....#
. . #......@*LD...1......
....
#......#..x5..Z..........
.. .
###...##...............
.... #..# ##X....#.....#.
..# #... ##...###...### .
##. ...# ##.....#
....#.....#.. #.#
....................... .
#. .. ........ . ... .. .
#......{.... .>... 1. ..
##.. ..#{.{ .#. .. ....
##.. ### D# ...# #. .
#.....#..... .5...# ......
...... ........ #. ...
..... . . .. ... ... . . .
. . .. .... ... . ..###.
#### ## #. . .. . .


You could see a bone dragon, a dread lich (fast, invisible), 2 Brimstone Fiends,
a wretched star, a blizzard demon (summoned), an ancient zyme, a large
abomination (wandering), a small abomination, an ufetubus and a shadow dragon
skeleton.

Vanquished Creatures
  A two-headed ogre (D:8)
  A manticore (D:9)
  A hornet (D:8)
  A shadow (D:8)
  2 steam dragons (D:7)
  2 water moccasins (D:6)
  Duvessa (D:7)
  2 hornet zombies
  2 orc warriors
  4 ogres
  5 centaurs
  A phantom (D:7)
  A kobold brigand (D:9)
  A gnoll sergeant (D:8)
  3 bullfrogs
  3 scorpions
  A wyvern zombie (D:7)
  Dowan (D:7)
  3 wights (D:8)
  4 howler monkeys
  A centaur zombie (D:8)
  2 hounds
  A centaur skeleton (D:7)
  2 orc priests
  2 bullfrog skeletons (D:6)
  2 gnoll shamans
  4 orc wizards
  2 iguanas
  2 killer bee zombies
  A howler monkey zombie (D:7)
  13 gnolls
  An adder (D:6)
  A white imp (D:6)
  An ufetubus (D:4)
  2 worms
  2 dart slugs
  17 orcs
  10 endoplasms
  2 giant cockroaches
  4 goblins
  5 hobgoblins
  3 jackals (D:3)
  3 quokkas
  6 ball pythons
  4 bats
  7 frilled lizards
  7 kobolds
  4 rats
151 creatures vanquished.

Vanquished Creatures (others)
  An orc wizard (D:8)
  17 plants (D:2)
  2 withered plants (D:7)
20 creatures vanquished.

Grand Total: 171 creatures vanquished

Notes
Turn   | Place    | Note
-------+----------+-------------------------------------------
     0 | D:1      | petzl the Formicid Arcane Marksman began the quest for the
                  | Orb.
     0 | D:1      | Reached XP level 1. HP: 15/15 MP: 2/2
    59 | D:1      | Reached XP level 2. HP: 21/21 MP: 3/3
   279 | D:1      | Reached skill level 1 in Stealth
   447 | D:1      | Reached XP level 3. HP: 26/26 MP: 5/5
   511 | D:1      | Found a faded altar of an unknown god.
   511 | D:1      | Noticed a soul eater
   740 | D:2      | Found Pietyguo's Assorted Antiques.
   794 | D:2      | Bought a scroll labelled LAENUT TOERIPN for 18 gold pieces
   794 | D:2      | Bought a scroll labelled ZINAM ORPHUTHRUM for 18 gold
                  | pieces
   903 | D:2      | Reached skill level 1 in Armour
   968 | D:2      | Found a basalt altar of Yredelemnul.
  1807 | D:3      | You fall into a shaft and drop 1 floor!
  2345 | D:4      | Reached XP level 4. HP: 28/29 MP: 6/6
  2383 | D:4      | Noticed a scorpion
  2390 | D:4      | You fall into a shaft and drop 3 floors!
  2390 | D:7      | Found an iron altar of Okawaru.
  2395 | D:7      | Noticed a steam dragon
  2399 | D:7      | You fall into a shaft and drop 1 floor!
  2399 | D:8      | Noticed a centaur
  2429 | D:8      | Killed a centaur
  2430 | D:8      | Reached XP level 5. HP: 19/38 MP: 6/8
  2669 | D:6      | Reached XP level 6. HP: 24/46 MP: 6/9
  2945 | D:5      | Entered Level 5 of the Dungeon
  2945 | D:5      | Noticed an ogre
  3004 | D:5      | Killed an ogre
  3061 | D:5      | Noticed an ogre
  3080 | D:5      | Killed an ogre
  3081 | D:5      | Reached XP level 7. HP: 52/52 MP: 9/11
  3692 | D:3      | Found a transporter.
  3692 | D:3      | Noticed Cecur's ghost (amateur FoFi)
  3695 | D:3      | Found a transporter.
  3777 | D:2      | Bought a metallic yellow potion for 16 gold pieces
  3777 | D:2      | Bought a sedimented white potion for 16 gold pieces
  3777 | D:2      | Bought a pair of boots for 81 gold pieces
  4204 | D:3      | Found a bloodstained altar of Trog.
  4204 | D:3      | Found a glowing golden altar of the Shining One.
  4204 | D:3      | Found a hazy altar of Hepliaklqana.
  4204 | D:3      | Found a snail-covered altar of Cheibriados.
  4243 | D:3      | Found a radiant altar of Vehumet.
  4243 | D:3      | Found an opulent altar of Gozag.
  4252 | D:3      | Became a worshipper of Vehumet
  4482 | D:4      | Reached XP level 8. HP: 58/58 MP: 14/14
  4829 | D:5      | Found a burning altar of Makhleb.
  5393 | D:5      | Found a faded altar of an unknown god.
  5393 | D:5      | Found a white marble altar of Elyvilon.
  5403 | D:5      | Found a faded altar of an unknown god.
  5409 | D:5      | Found a shimmering blue altar of Sif Muna.
  5411 | D:5      | Found a hide-covered altar of Uskayaw.
  5589 | D:6      | Found a staircase to the Ecumenical Temple.
  5611 | D:6      | Noticed a wraith
  5715 | D:6      | Reached skill level 5 in Spellcasting
  6238 | D:7      | Reached XP level 9. HP: 38/65 MP: 16/16
  6530 | D:7      | Reached skill level 5 in Stealth
  6719 | D:7      | Found a sparkling altar of Nemelex Xobeh.
  6792 | D:7      | Noticed Duvessa
  6794 | D:7      | Noticed Dowan
  6799 | D:7      | Killed Duvessa
  6807 | D:7      | Killed Dowan
  6828 | D:7      | Reached skill level 5 in Crossbows
  6859 | D:7      | Reached skill level 5 in Fighting
  7108 | D:7      | Found a runed translucent door.
  7110 | D:7      | Noticed lordive's ghost (novice GnWz)
  7247 | D:7      | Found a runed translucent door.
  7248 | D:7      | Noticed Crazy Yiuf
  7384 | D:8      | Noticed a hornet
  7488 | D:8      | Reached skill level 5 in Armour
  7629 | D:8      | Found a staircase to the Lair.
  7683 | D:8      | Reached skill level 1 in Maces & Flails
  7683 | D:8      | Reached skill level 1 in Evocations
  7897 | D:8      | Reached * piety under Vehumet
  7897 | D:8      | Offered knowledge of Shock by Vehumet.
  7974 | D:8      | Reached XP level 10. HP: 74/74 MP: 16/20
  8110 | D:8      | Noticed a two-headed ogre
  8223 | D:8      | Killed a two-headed ogre
  8224 | D:8      | Reached skill level 5 in Dodging
  8420 | D:8      | Found a blossoming altar of Fedhas.
  8424 | D:8      | Found an ancient bone altar of Kikubaaqudgha.
  9552 | D:9      | Noticed a manticore
  9562 | D:9      | Killed a manticore
  9735 | D:9      | Cast into level 1 of the Abyss (gnoll sergeant)
  9764 | Abyss:1  | Noticed a bone dragon
  9808 | Abyss:1  | Noticed a wretched star
  9819 | Abyss:1  | Noticed a starcursed mass
  9826 | Abyss:1  | Noticed a rust devil
  9828 | Abyss:1  | Noticed a thrashing horror
  9834 | Abyss:1  | Noticed a large abomination
  9845 | Abyss:1  | Noticed a dread lich
  9848 | Abyss:1  | Noticed a profane servitor
  9848 | Abyss:1  | Noticed a wretched star
  9850 | Abyss:1  | Noticed a Brimstone Fiend
  9855 | Abyss:1  | Noticed a Brimstone Fiend
  9867 | Abyss:1  | Noticed a thrashing horror
  9868 | Abyss:1  | Noticed a blizzard demon
  9874 | Abyss:1  | Killed from afar by a wretched star

Illustrated notes

Levels and vault maps discovered:
D:1:      tarquinn_simple_flora_water_a, layout_basic,
          dreamdust_ecumenical_altar_sealed_demon
D:2:      layout_basic, basic_altar, serial_shops,
          nicolae_shop_overgrown_old_shop, serial_bayou_lagoon_a
D:3:      layout_loops_ring, minmay_overflow_temple_hex, gammafunk_ghost_arena,
          minmay_misc_feat_four_crosses
D:4:      layout_basic
D:5:      layout_basic, mainiacjoe_overflow_tiny_flanked,
          chequers_temple_overflow_minitemple
D:6:      layout_loops_cross, minmay_temple_entry_statues_fountains
D:7:      layout_cave_pools, nemelex_dance_club_becter, okawaru_gym_becter,
          gammafunk_ghost_grave, uniq_duvessa, uniq_crazy_yiuf_cottage
D:8:      layout_loops_corners, grunt_temple_overflow_growth_and_decay,
          lair_entry_dummy, grunt_ministairs_11
D:9:      layout_cave_pools
Abyss:1:  base:
D:5

Skill      XL: |  1  2  3  4  5  6  7  8  9 10 |
---------------+-------------------------------+-----
Stealth        | 1 2 3 4 6 7 |  7.1
Dodging        | 2 3 4 5 |  5.5
Armour         | 1 2 3 4 5 6 |  6.0
Fighting       | 2 3 4 5 6 |  6.2
Spellcasting   | 2 3 4 5 6 7 |  7.9
Crossbows      | 3 4 5 |  5.0
Maces & Flails | 1 2 |  2.0
Evocations     | 1 3 |  3.0
Hexes          | |  3.6

Action                   |  1- 3 |  4- 6 |  7- 9 | 10-12 || total
-------------------------+-------+-------+-------+-------++-------
Melee: Spear             |    89 |    67 |       |       ||   156
       Punch             |       |     1 |     2 |     3 ||     6
       Mace              |       |       |    95 |   143 ||   238
 Fire: Hand crossbow     |    51 |     8 |   191 |    44 ||   294
 Cast: Slow              |       |    17 |    65 |    35 ||   117
 Abil: Dig               |     1 |       |       |       ||     1
       Shaft Self        |       |     2 |       |       ||     2
  Use: Scroll            |       |     7 |     4 |       ||    11
       Potion            |       |     1 |       |       ||     1
 Stab: Sleeping          |       |       |       |     2 ||     2
Armor: Robe              |     4 |       |       |       ||     4
       Ring mail         |    17 |    53 |    40 |       ||   110
       Leather armour    |       |       |    30 |   102 ||   132
Dodge: Dodged            |    56 |    51 |   134 |   136 ||   377

Table legend: (Time is in decaauts)
 A = Elapsed time spent in this place.
 B = Non-inter-level travel time spent in this place.
 C = Inter-level travel time spent in this place.
 D = Time resting spent in this place.
 E = Time spent auto-exploring this place.
 F = Levels seen in this place.
 G = Mean time per level.
                   A        B        C        D        E       F      G
               +--------+--------+--------+--------+--------+-----+--------+
         Total |  10059 |   9580 |    479 |   2152 |   3910 |  10 | 1005.9 |
       Dungeon |   9920 |   9441 |    479 |   2152 |   3910 |   9 | 1102.2 |
         Abyss |    138 |    138 |      0 |      0 |      0 |   1 |  138.0 |
               +--------+--------+--------+--------+--------+-----+--------+

Top non-repeatable levels by time:
     D:8: 2256 daAuts
     D:4: 1517 daAuts
     D:6: 1342 daAuts
     D:2: 1236 daAuts
     D:7: 1004 daAuts
     D:3: 808 daAuts
     D:5: 782 daAuts
     D:1: 658 daAuts
     D:9: 314 daAuts
 Abyss:1: 138 daAuts
